 Dungeon Sprint DCSS version 0.28-a0-97-g102d6777a4 (webtiles) character file.

Game seed: 3625154262861830743

70475 Mitsuki the Slayer (level 14, -13/163 HPs)
             Began as a Minotaur Fighter on Aug 9, 2021.
             Was the Champion of the Shining One.
             Killed from afar by an ironbound frostheart (19 damage)
             ... by creeping frost
             ... in the Dungeon (Sprint IX: "|||||||||||||||||||||||||||||").
             The game lasted 00:29:42 (8191 turns).

Mitsuki the Slayer (Minotaur Fighter)               Turns: 8191, Time: 00:29:42

Health: -13/163    AC: 30    Str: 25    XL:     14   Next: 94%
Magic:  15/22      EV:  9    Int:  5    God:    the Shining One [******]
Gold:   1852       SH: 28    Dex: 11    Spells: 13/13 levels left

rFire   + . .      SeeInvis .   l - +1 double sword
rCold   + . .      Faith    .   c - +0 kite shield
rNeg    + + +      Spirit   .   H - +0 storm dragon scales
rPois   .          Reflect  .   i - +2 hat
rElec   +          Harm     .   k - +1 cloak
rCorr   .          Rampage  .   C - +1 pair of gloves
Will    +....      NoTele   +   G - +1 pair of boots
Stlth   ..........              (no amulet)
HPRegen 0.37/turn               B - ring of protection from fire
MPRegen 0.18/turn               z - ring of protection from cold

@: divinely shielded, glowing
A: horns 2, retaliatory headbutt
a: Renounce Religion, Divine Shield, Cleansing Flame, Summon Divine Warrior,
Brand Weapon With Holy Wrath


You were in the Dungeon.
You worshipped the Shining One.
The Shining One was exalted by your worship.
You visited 1 branch You collected 1912 gold pieces.
You spent 60 gold pieces at shops.

Inventory:

Hand Weapons
 b - a +2 scimitar of holy wrath
 l - a +1 double sword (weapon)
 w - a +2 falchion of flaming
Missiles
 v - 2 throwing nets (quivered)
Armour
 c - a +0 kite shield (worn)
 i - a +2 hat (worn)
 k - a +1 cloak (worn)
 n - +0 ice dragon scales
 x - a +2 buckler of reflection
 C - a +1 pair of gloves (worn)
 G - a +1 pair of boots (worn)
 H - +0 storm dragon scales (worn)
Jewellery
 y - a ring of see invisible
 z - a ring of protection from cold (right hand)
 A - a ring of poison resistance
 B - a ring of protection from fire (left hand)
Wands
 o - a wand of polymorph (3)
Scrolls
 d - 2 scrolls of amnesia
 j - 2 scrolls of blinking
 p - 2 scrolls of summoning
 q - 3 scrolls of fear
 r - 4 scrolls of enchant armour
 s - 2 scrolls of enchant weapon
 t - 2 scrolls of fog
 F - a scroll of identify
Potions
 a - a potion of brilliance
 e - a potion of curing
 f - 8 potions of heal wounds
 g - a potion of haste
 h - 4 potions of magic
 m - a potion of attraction {unknown}
 D - a potion of resistance
Miscellaneous
 u - a tin of tremorstones (2/2)


   Skills:
 * Level 25.9 Fighting
 + Level 21.7 Long Blades
 + Level 21.8 Armour
 + Level 21.8 Shields
 - Level 13.0 Invocations


You had 13 spell levels left.
You didn't know any spells.
Your spell library was empty.

Dungeon Overview and Level Annotations

Branches:
Dungeon (1/1)

Altars:
Cheibriados
Dithmenos
Elyvilon
Fedhas
Gozag
Hepliaklqana
Kikubaaqudgha
Makhleb
Nemelex Xobeh
Okawaru
Qazlal
Ru
Sif Muna
Trog
Uskayaw
Vehumet
Wu Jian
Xom
Yredelemnul
Zin
The Shining One
Beogh
Jiyva
Lugonu

Shops:
D [*[[


Innate Abilities, Weirdness & Mutations

You have a pair of horns on your head.
You reflexively headbutt those who attack you in melee.


Message History

The ironbound frostheart calls freezing cold from the walls.
The frost grips you! You partially resist.
* * * LOW HITPOINT WARNING * * *
You are encased in ice.
There is an open door to the Vaults, spattered with blood here.
You take 15 damage, and have 9/163 hp.
You close the door.
An ironbound frostheart opens the door.
The vault sentinel blows a loud note on a signal horn!
You don't know any spells.
You are momentarily dazzled by a brilliant light.
The ice encasing you melts away.
The ironbound frostheart calls freezing cold from the walls.
The frost grips you! You partially resist.
* * * LOW HITPOINT WARNING * * *
You are encased in ice.
The frost grips your daeva!!!
You take 6 damage, and have 4/163 hp.
You now have 14/22 mp.
The ironbound frostheart calls freezing cold from the walls.
The frost grips you!! You partially resist.
The Shining One protects you from harm! The frost grips your daeva!
The vault sentinel blows a loud note on a signal horn!
You swap places.
The ice encasing you melts away.
Your daeva calls down the wrath of the Shining One upon the ironbound frostheart.
The ironbound frostheart is smitten.
Your daeva blocks the ironbound frostheart's attack.
Your daeva hits the ironbound frostheart with a +2 eudemon blade of holy wrath!
Your daeva misses the ironbound frostheart.
Your daeva blocks the ironbound frostheart's attack.
The vault sentinel blows a loud note on a signal horn!
Your daeva calls down the wrath of the Shining One upon the ironbound frostheart.
The ironbound frostheart is smitten.
The ironbound frostheart touches your daeva but does no damage.
Your daeva hits the ironbound frostheart with a +2 eudemon blade of holy wrath.
Your daeva hits the ironbound frostheart with a +2 eudemon blade of holy wrath!
The ironbound frostheart calls freezing cold from the walls.
The frost grips you!! You partially resist.
You die...

▓▓▓▓▓▓▓▓▓▓▓▓▓▓▓▓▓▓▓▓▓▓▓▓▓▓▓▓▓▓▓▓▓
..).[....[......@....App)))))))).
▓▓▓▓▓▓▓▓▓▓▓▓▓▓▓▓▓▓▓▓▓▓▓▓▓▓▓▓▓▓▓▓▓
..............).).)..............
▓▓♣♣♣♣♣♣♣♣♣♣▓▓▓▓▓▓▓▓▓▓▓▓▓▓▓▓▓▓▓▓▓
..'.÷....)..÷.....)..['.........'
▓▓♣♣♣♣♣♣♣♣♣♣▓▓▓▓▓▓▓▓▓▓▓▓▓▓▓▓▓▓▓▓▓
.................................
▓▓▓▓▓▓▓▓▓▓▓▓▓▓▓▓▓▓▓▓▓▓▓▓▓▓▓▓▓▓▓▓▓
..)))).).).[..[[=[[..!.).()..))).


You could see an ironbound frostheart (ally target), a vault sentinel (catching
breath) and a friendly daeva (summoned).

Vanquished Creatures
  Saint Roka (D)
  Gastronok (D)
  A shadow dragon (D)
  2 tengu reavers (D)
  A frost giant (D)
  4 ironbound preservers (D)
  A very ugly thing (D)
  2 stone giants (D)
  Nessos (D)
  A spark wasp (D)
  An ettin (D)
  Josephine (D)
  4 yaktaur captains (D)
  A great orb of eyes (D)
  A rakshasa (D)
  A fire dragon (D)
  2 hydras (D)
  3 naga warriors (D)
  Harold (D)
  A spriggan air mage (D)
  An ice dragon (D)
  An ironbound thunderhulk (D)
  A boulder beetle (D)
  3 ogre magi (D)
  4 centaur warriors (D)
  An anaconda (D)
  A ghost crab (D)
  A merfolk aquamancer (D)
  2 alligators (D)
  A vampire mage (D)
  A tengu warrior (D)
  A deep troll earth mage (D)
  2 iron trolls (D)
  A goliath frog (D)
  A sea snake (D)
  3 deep trolls (D)
  A naga ritualist (D)
  4 glowing orange brains (D)
  2 lindwurms (D)
  4 ironbound convokers (D)
  2 wizards (D)
  3 ugly things (D)
  2 wolf spiders (D)
  2 cyclopes (D)
  4 manticores (D)
  A will-o-the-wisp (D)
  4 black mambas (D)
  4 cane toads (D)
  2 vault sentinels (D)
  A rime drake (D)
  A tengu conjurer (D)
  A polar bear (D)
  A merfolk (D)
  2 jumping spiders (D)
  2 trolls (D)
  3 tyrant leeches (D)
  2 slime creatures (D)
  A snapping turtle (D)
  A blink frog (D)
  3 redbacks (D)
  A yak (D)
  5 wraiths (D)
  4 wyverns (D)
  2 tarantellas (D)
  Eustachio (D)
  2 basilisks (D)
  A water moccasin (D)
  13 orc warriors (D)
  A kobold brigand (D)
  4 bullfrogs (D)
  A howler monkey (D)
  3 orc priests (D)
  An iguana (D)
  6 orc wizards (D)
  An adder skeleton (D)
  4 worms (D)
  A dart slug (D)
  8 orcs (D)
  2 hobgoblins (D)
  2 ball pythons (D)
  A frilled lizard (D)
  A giant cockroach zombie (D)
  A jackal simulacrum (D)
175 creatures vanquished.

Vanquished Creatures (collateral kills)
  Rupert (D)
  A frost giant (D)
  An ettin (D)
  A great orb of eyes (D)
  An iron troll (D)
  A sea snake (D)
  A troll (D)
  A wind drake (D)
  An orc warrior (D)
  An orc wizard (D)
  An orc (D)
11 creatures vanquished.

Vanquished Creatures (others)
  An alligator (D)
  A swamp drake (D)
  3 foxfires (D)
5 creatures vanquished.

Grand Total: 191 creatures vanquished

Notes
Turn   | Place    | Note
-------+----------+-------------------------------------------
     0 | D        | Mitsuki the Minotaur Fighter began the quest for the Orb.
     0 | D        | Reached XP level 1. HP: 19/19 MP: 0/0
    10 | D        | Reached skill level 4 in Fighting
    19 | D        | Noticed an iguana
    20 | D        | Banished a spatial maelstrom
    23 | D        | Reached XP level 2. HP: 23/28 MP: 1/1
    34 | D        | Reached skill level 5 in Fighting
    34 | D        | Reached skill level 5 in Armour
    34 | D        | Reached skill level 5 in Shields
    34 | D        | Reached XP level 3. HP: 16/36 MP: 2/2
   201 | D        | Found a snail-covered altar of Cheibriados.
   201 | D        | Found a shadowy altar of Dithmenos.
   201 | D        | Found a white marble altar of Elyvilon.
   201 | D        | Found a blossoming altar of Fedhas.
   201 | D        | Found an opulent altar of Gozag.
   202 | D        | Found a hazy altar of Hepliaklqana.
   203 | D        | Found a viscous altar of Jiyva.
   204 | D        | Found an ancient bone altar of Kikubaaqudgha.
   205 | D        | Found a corrupted altar of Lugonu.
   206 | D        | Found a burning altar of Makhleb.
   207 | D        | Found a sparkling altar of Nemelex Xobeh.
   208 | D        | Found an iron altar of Okawaru.
   209 | D        | Found a stormy altar of Qazlal.
   210 | D        | Found a sacrificial altar of Ru.
   211 | D        | Found a shimmering blue altar of Sif Muna.
   212 | D        | Found a bloodstained altar of Trog.
   213 | D        | Found a hide-covered altar of Uskayaw.
   214 | D        | Found a radiant altar of Vehumet.
   215 | D        | Found an ornate altar of the Wu Jian Council.
   216 | D        | Found a shimmering altar of Xom.
   217 | D        | Found a basalt altar of Yredelemnul.
   218 | D        | Found a glowing silver altar of Zin.
   219 | D        | Found a glowing golden altar of the Shining One.
   229 | D        | Became a worshipper of the Shining One
   287 | D        | Noticed a wraith
   287 | D        | Noticed a kobold brigand
   287 | D        | Reached * piety under the Shining One
   287 | D        | Noticed an orc warrior
   287 | D        | Noticed a yak
   287 | D        | Reached ** piety under the Shining One
   295 | D        | Killed a wraith
   296 | D        | Reached skill level 7 in Fighting
   296 | D        | Reached XP level 4. HP: 44/47 MP: 2/5
   296 | D        | Reached XP level 5. HP: 49/52 MP: 2/6
   302 | D        | Killed an orc warrior
   303 | D        | Reached skill level 8 in Fighting
   303 | D        | Reached skill level 5 in Invocations
   303 | D        | Reached XP level 6. HP: 49/62 MP: 2/9
   306 | D        | Killed a yak
   307 | D        | Reached skill level 9 in Fighting
   307 | D        | Reached XP level 7. HP: 43/70 MP: 3/10
   450 | D        | Noticed a centaur warrior
   450 | D        | Noticed a cyclops
   450 | D        | Noticed a basilisk
   450 | D        | Reached *** piety under the Shining One
   450 | D        | Noticed a centaur warrior
   450 | D        | Noticed a slime creature
   450 | D        | Noticed a boulder beetle
   459 | D        | Killed a centaur warrior
   460 | D        | Reached skill level 10 in Fighting
   460 | D        | Reached skill level 10 in Long Blades
   460 | D        | Reached skill level 10 in Armour
   460 | D        | Reached skill level 10 in Shields
   460 | D        | Reached XP level 8. HP: 71/80 MP: 8/12
   466 | D        | Killed a cyclops
   467 | D        | Reached skill level 11 in Fighting
   485 | D        | Killed a centaur warrior
   486 | D        | Reached XP level 9. HP: 57/90 MP: 11/14
   491 | D        | Reached skill level 12 in Fighting
   516 | D        | Killed a boulder beetle
   862 | D        | Reached **** piety under the Shining One
   862 | D        | Noticed a cane toad
   866 | D        | Noticed a four-headed hydra
   887 | D        | Killed a five-headed hydra
   887 | D        | Killed a cane toad
   888 | D        | Reached skill level 13 in Fighting
   888 | D        | Reached skill level 10 in Invocations
   888 | D        | Reached XP level 10. HP: 72/101 MP: 16/16
  1136 | D        | Noticed a cane toad
  1136 | D        | Reached ***** piety under the Shining One
  1136 | D        | Noticed a cane toad
  1138 | D        | Noticed a cane toad
  1140 | D        | Killed a cane toad
  1148 | D        | Killed a cane toad
  1152 | D        | Killed a cane toad
  1164 | D        | Reached skill level 14 in Fighting
  1309 | D        | Noticed a lindwurm
  1309 | D        | Noticed a lindwurm
  1316 | D        | Killed a lindwurm
  1322 | D        | Reached ****** piety under the Shining One
  1337 | D        | Killed a lindwurm
  1338 | D        | Reached XP level 11. HP: 47/111 MP: 18/18
  1621 | D        | Noticed Eustachio
  1627 | D        | Killed Eustachio
  1682 | D        | Noticed a stone giant
  1700 | D        | Killed a stone giant
  2104 | D        | Reached skill level 15 in Armour
  2106 | D        | Reached skill level 15 in Fighting
  2106 | D        | Reached skill level 15 in Shields
  2168 | D        | Found Sokosox's Armour Emporium.
  2168 | D        | Noticed an ettin
  2168 | D        | Noticed a deep troll
  2168 | D        | Noticed a deep troll
  2218 | D        | Killed an ettin
  2219 | D        | Reached skill level 15 in Long Blades
  2222 | D        | Killed a deep troll
  2226 | D        | Killed a deep troll
  2252 | D        | Noticed an ogre mage
  2260 | D        | Killed an ogre mage
  2431 | D        | Noticed a deep troll
  2441 | D        | Killed a deep troll
  2443 | D        | Noticed an iron troll
  2474 | D        | Killed an iron troll
  2758 | D        | Found Laudinakk's General Store.
  2762 | D        | Found Ilelodwocw's Antique Armour Emporium.
  2766 | D        | Found Jediet's Antique Armour Shoppe.
  2769 | D        | Noticed an iron troll
  2770 | D        | Noticed an iron troll
  2771 | D        | Bought a potion of heal wounds for 60 gold pieces
  2850 | D        | Killed an iron troll
  2851 | D        | Reached skill level 16 in Fighting
  2872 | D        | Killed an iron troll
  2903 | D        | Noticed an ogre mage
  2966 | D        | Killed an ogre mage
  2967 | D        | Reached XP level 12. HP: 63/124 MP: 20/20
  3187 | D        | Noticed an ogre mage
  3194 | D        | Killed an ogre mage
  3268 | D        | Noticed Josephine
  3280 | D        | Killed Josephine
  3281 | D        | Reached skill level 17 in Fighting
  3341 | D        | Noticed Harold
  3349 | D        | Killed Harold
  3417 | D        | Got the +1 leather armour "Effakoxt" {rC+ Stlth+}
  3561 | D        | Noticed a tengu warrior
  3561 | D        | Noticed a centaur warrior
  3561 | D        | Noticed a centaur warrior
  3573 | D        | Noticed a brown very ugly thing
  3574 | D        | Killed a tengu warrior
  3577 | D        | Killed a centaur warrior
  3582 | D        | Reached skill level 18 in Fighting
  3585 | D        | Noticed a rakshasa
  3588 | D        | Killed a centaur warrior
  3613 | D        | Killed a brown very ugly thing
  3630 | D        | Killed a rakshasa
  3631 | D        | Reached skill level 19 in Fighting
  3723 | D        | Noticed a vampire mage
  3724 | D        | Noticed a stone giant
  3740 | D        | Killed a stone giant
  3743 | D        | Killed a vampire mage
  3827 | D        | Noticed Rupert
  3827 | D        | Paralysed by Rupert for 2 turns
  3832 | D        | Paralysed by Rupert for 3 turns
  3876 | D        | Killed Rupert
  3877 | D        | Reached XP level 13. HP: 135/139 MP: 12/21
  4013 | D        | Noticed Gastronok
  4032 | D        | Killed Gastronok
  4033 | D        | Reached skill level 20 in Fighting
  4327 | D        | Reached skill level 21 in Fighting
  4854 | D        | Reached skill level 22 in Fighting
  5253 | D        | Noticed Saint Roka
  5292 | D        | Killed Saint Roka
  5293 | D        | Reached XP level 14. HP: 67/155 MP: 16/22
  5605 | D        | Noticed Nessos
  5611 | D        | Killed Nessos
  5612 | D        | Reached skill level 23 in Fighting
  5657 | D        | Noticed a frost giant
  5677 | D        | Paralysed by a great orb of eyes for 2 turns
  5713 | D        | Killed a frost giant
  6006 | D        | Noticed a shadow dragon
  6007 | D        | Noticed a frost giant
  6876 | D        | Killed a shadow dragon
  6950 | D        | Killed a frost giant
  6951 | D        | Reached skill level 24 in Fighting
  7129 | D        | Noticed a tengu reaver
  7146 | D        | Killed a tengu reaver
  7520 | D        | Noticed a tengu reaver
  7534 | D        | Killed a tengu reaver
  7536 | D        | HP: 8/160 [poisoned by a tengu reaver (bolt of poison)]
  7540 | D        | HP: 3/160 [poisoned by a tengu reaver (bolt of poison)]
  7543 | D        | HP: 1/160 [poisoned by a tengu reaver (bolt of poison)]
  8088 | D        | Noticed an ironbound preserver
  8104 | D        | Killed an ironbound preserver
  8105 | D        | Noticed an ironbound preserver
  8110 | D        | Reached skill level 25 in Fighting
  8127 | D        | Killed an ironbound preserver
  8133 | D        | Noticed an ironbound preserver
  8148 | D        | Noticed an ironbound preserver
  8156 | D        | Killed an ironbound preserver
  8177 | D        | Killed an ironbound preserver
  8185 | D        | HP: 4/163 [ironbound frostheart/creeping frost (7)]
  8186 | D        | The Shining One protects you from harm!
  8191 | D        | Killed from afar by an ironbound frostheart

Illustrated notes

Levels and vault maps discovered:
D:        linesprint [early_d, line_temple, items_1, d_10, items_2, lair_1,
          lair_end, items_3, orc_1, orc_end, items_4, d_15, swamp_1, shoals_1,
          snake_1, spider_1, d_20, vaults_1, items_5, swamp_end, shoals_end,
          snake_end, spider_end, vaults_end, d_27, items_6, zot_1, zot_end,
          crypt_end, forest_end, elf_end, slime_end, tomb_end, abyss_end,
          pan_hell_end]

Skill      XL: |  1  2  3  4  5  6  7  8  9 10 11 12 13 14 |
---------------+-------------------------------------------+-----
Armour         | 4 5 7 8 9 10 11 13 14 16 18 19 21 | 21.8
Fighting       | 4 5 7 8 9 10 11 13 14 16 19 22 25 | 25.9
Shields        | 4 5 7 8 9 10 11 13 14 16 18 19 21 | 21.8
Long Blades    | 3 4 6 8 10 11 13 14 16 17 19 21 | 21.7
Invocations    | 3 5 7 9 10 11 13 | 13.0

Action                   |  1- 3 |  4- 6 |  7- 9 | 10-12 | 13-15 || total
-------------------------+-------+-------+-------+-------+-------++-------
Melee: Long sword        |    22 |       |       |       |       ||    22
       Headbutt          |     6 |     2 |    23 |    94 |   110 ||   235
       Scimitar          |     8 |     6 |    63 |   337 |   252 ||   666
       Falchion          |       |       |       |       |     3 ||     3
       Double sword      |       |       |       |       |   125 ||   125
Invok: Divine Shield     |       |       |     2 |     4 |     6 ||    12
       Summon Divine War |       |       |       |     3 |     4 ||     7
Evoke: Wand              |       |     5 |     3 |     2 |       ||    10
       Tin of tremorston |       |       |     2 |     9 |     2 ||    13
  Use: Potion            |     1 |       |     1 |     7 |     4 ||    13
Armor: Scale mail        |     4 |       |       |       |       ||     4
       Plate armour      |     2 |     1 |    46 |    67 |       ||   116
       Storm dragon scal |       |       |       |    19 |   124 ||   143
Dodge: Dodged            |    10 |     1 |    16 |    38 |    54 ||   119
Block: Kite shield       |    16 |     2 |    55 |   163 |   188 ||   424
       Rpst.: Long sword |     2 |       |       |       |       ||     2
       Scimitar          |     2 |     1 |     2 |     6 |     9 ||    20

Table legend: (Time is in decaauts)
 A = Elapsed time spent in this place.
 B = Non-inter-level travel time spent in this place.
 C = Inter-level travel time spent in this place.
 D = Time resting spent in this place.
 E = Time spent auto-exploring this place.
 F = Levels seen in this place.
 G = Mean time per level.
                   A        B        C        D        E       F      G
               +--------+--------+--------+--------+--------+-----+--------+
         Total |   8001 |   7999 |      2 |   3918 |   2091 |   1 | 8001.0 |
       Dungeon |   8001 |   7999 |      2 |   3918 |   2091 |   1 | 8001.0 |
               +--------+--------+--------+--------+--------+-----+--------+

Top non-repeatable levels by time:
       D: 8001 daAuts
